 Dungeon Crawl Stone Soup version 0.22.1-2-g9c5b331 (webtiles) character file.

34 myga the Skirmisher (level 3, -1/34 HPs)
             Began as a Naga Fighter on Dec 1, 2018.
             Slain by a gnoll
             ... wielding a +0 spear
              (6 damage)
             ... on level 2 of the Dungeon.
             The game lasted 00:07:50 (1128 turns).

myga the Skirmisher (Naga Fighter)                  Turns: 1128, Time: 00:07:51

Health: -1/34      AC:  4    Str: 18    XL:     3   Next: 31%
Magic:  3/3        EV:  5    Int:  8    God:
Gold:   66         SH:  8    Dex: 11    Spells: 2/2 levels left

rFire    . . .     SeeInvis +   a - +0 trident
rCold    . . .     Gourm    .   c - +0 shield
rNeg     . . .     Faith    .   b - +0 scale mail
rPois    +         Spirit   .   (no helmet)
rElec    .         Reflect  .   (no cloak)
rCorr    .         Harm     .   (no gloves)
MR       .....                  (no barding)
Stlth    ..........             (no amulet)
HPRegen  0.11/turn              m - ring of attention (curse)
MPRegen  0.08/turn              (no ring)

@: very slightly contaminated, invisible, very slow
A: large, see invisible, deformed body, poison resistance, slowness 2, slow
metabolism 1, spit poison 1, AC +1
a: Spit Poison


You were on level 2 of the Dungeon.
You were not hungry.

You visited 1 branch of the dungeon, and saw 2 of its levels.

You collected 66 gold pieces.

Inventory:

Hand Weapons
 a - a +0 trident (weapon)
Missiles
 e - 82 stones (quivered)
Armour
 b - a +0 scale mail (worn)
 c - a +0 shield (worn)
 h - a +0 robe
 i - a +0 leather armour
 k - a +0 leather armour
Jewellery
 m - a cursed ring of attention (left hand)
 p - a +1 ring of evasion {unknown}
Scrolls
 q - 2 scrolls of immolation
Potions
 d - a potion of might
 l - 2 potions of curing
 o - a potion of flight {unknown}
Comestibles
 f - 6 rations
 j - 2 chunks of flesh


   Skills:
 + Level 3.1 Fighting
 + Level 2.5 Polearms
 + Level 0.2 Throwing
 + Level 2.5 Armour
 + Level 0.6 Dodging
 + Level 2.8 Shields


You had 2 spell levels left.
You didn't know any spells.
Your spell library was empty.

Dungeon Overview and Level Annotations

Branches:
Dungeon (2/15)

Altars:

Annotations:
D:2 Sigmund


Innate Abilities, Weirdness & Mutations

You cannot wear boots.
Your serpentine skin is tough. (AC +1)
You have supernaturally acute eyesight. (SInv)
Armour fits poorly on your strangely shaped body.
Your system is resistant to poisons. (rPois)
You cover ground very slowly.
You have a slow metabolism.
You can spit poison.


Message History

The gnoll hits you with a whip.
The gnoll looks more healthy.
The gnoll hits you with a whip. The gnoll hits you with a whip.
* * * LOW HITPOINT WARNING * * *
You block the gnoll's attack.
Okay, then.
It was a potion of invisibility.
You fade into invisibility!
The gnoll hits you with a whip.
* * * LOW HITPOINT WARNING * * *
You block the gnoll's attack.
You are very lightly contaminated with residual magic.
Okay, then.
The gnoll hits you but does no damage. The gnoll hits you with a whip.
* * * LOW HITPOINT WARNING * * *
The gnoll hits you but does no damage. The gnoll barely misses you.
The adder bites you but does no damage.
The gnoll hits you from afar with a spear.
You die...

#.# #.# .#...###.......
#.#####.#######.##.#....######
#...............##.#.#..#
########........##.#.#..#
#........#....#..#
#........######..#
#........#.......#
###########........#.####†#######
..)..........ggS@........>.......
###########........#.#.#.........
# #...........#.#....#.##### ###
#.<.........#.#......# ..#
#.....#####.#.##.###.# ..#
####### #.#........### ..#
#.####........ ..# #.# #########
..#


You could see 2 gnolls and an adder.

Vanquished Creatures
  A gnoll (D:2)
  An ooze (D:1)
  A dart slug (D:1)
  A giant cockroach (D:1)
  4 jackals (D:1)
  3 kobolds
  2 bats
  A frilled lizard (D:1)
  A goblin (D:1)
  4 rats
19 creatures vanquished.

Notes
Turn   | Place    | Note
-------+----------+-------------------------------------------
     0 | D:1      | myga the Naga Fighter began the quest for the Orb.
     0 | D:1      | Reached XP level 1. HP: 21/21 MP: 1/1
   330 | D:1      | Reached XP level 2. HP: 28/28 MP: 2/2
   844 | D:2      | Noticed Sigmund
  1006 | D:2      | Reached XP level 3. HP: 33/34 MP: 3/3
  1128 | D:2      | Slain by a gnoll

Action                   || total
-------------------------++-------
Melee: Trident           ||    79
Throw: Stone             ||    16
 Abil: Spit Poison       ||     2
  Use: Scroll            ||     3
       Potion            ||     1
Armor: Scale mail        ||    31
Dodge: Dodged            ||    14
Block: Shield            ||    47
